 Dungeon Crawl Stone Soup version 0.26-a0-597-gb535b0901c (webtiles) character file.

Game seed: 11569975737138509535

47 ANON1729 the Covered (level 3, -2/27 HPs)
             Began as a Demonspawn Wanderer on Aug 25, 2020.
             Slain by an orc warrior
             ... wielding a +0 battleaxe
              (8 damage)
             ... on level 1 of the Dungeon.
             The game lasted 00:01:44 (982 turns).

ANON1729 the Covered (Demonspawn Wanderer)           Turns: 982, Time: 00:01:45

Health: -2/27      AC: 10    Str: 12    XL:     3   Next: 48%
Magic:  1/3        EV:  8    Int: 14    God:
Gold:   31         SH:  0    Dex: 12    Spells: 1/2 levels left

rFire    . . .     SeeInvis .   a - +0 club
rCold    . . .     Faith    .   (no shield)
rNeg     . . .     Spirit   .   d - +2 scale mail
rPois    .         Reflect  .   (no helmet)
rElec    .         Harm     .   (no cloak)
rCorr    .         Rnd*Tele +   (no gloves)
MR       .....                  (no boots)
Stlth    ..........             g - amulet of regeneration
HPRegen  0.49/turn              f - ring of teleportation (curse)
MPRegen  0.08/turn              (no ring)

@: very slightly contaminated
A: hooves 1, molten scales 1
a: no special abilities


You were on level 1 of the Dungeon.
You visited 1 branch of the dungeon, and saw 2 of its levels.

You collected 31 gold pieces.

Inventory:

Hand Weapons
 a - a +0 club (weapon)
Armour
 d - a +2 scale mail (worn)
Jewellery
 f - a cursed ring of teleportation (left hand)
 g - an amulet of regeneration (around neck)
Scrolls
 b - 2 scrolls of fog
 e - a scroll of remove curse {unknown}
Potions
 c - a potion of lignification


   Skills:
 + Level 2.0 Fighting
   Level 1.7 Crossbows
 - Level 1.0 Throwing
 - Level 3.4 Armour
 + Level 0.0 Dodging
 * Level 1.8 Fire Magic
   Level 1.0 Poison Magic
   Level 1.0 Evocations


You had one spell level left.
You knew the following spells:

 Your Spells              Type           Power        Failure   Level
a - Foxfire               Conj/Fire      #...         67%         1

Your spell library contained the following spells:

 Spells                   Type           Power        Failure   Level
 Inner Flame              Hex/Fire       #.......     96%         3


Dungeon Overview and Level Annotations

Branches:
Dungeon (2/15)

Altars:


Innate Abilities, Weirdness & Mutations

You have large cloven feet.
You are partially covered in molten scales. (AC +2)


Message History

Nothing appears to happen.
The orc warrior hits you with a +0 battleaxe.
Casting: Foxfire (safe; 67% risk of failure)
Confirm with . or Enter, or press ? or * to list all spells.
You miscast Foxfire.
Nothing appears to happen.
Okay, then.
You hit the orc warrior but do no damage.
The orc warrior barely misses you.
You closely miss the orc warrior. Your kick misses the orc warrior.
The orc warrior closely misses you.
You hit the orc warrior but do no damage.
The orc warrior hits you with a +0 battleaxe!!
Ouch! That really hurt!
* * * LOW HITPOINT WARNING * * *
You are too injured to fight recklessly!
You aren't carrying any items that you can evoke.
As you read the scroll labeled FEOGHE QAHIDA, it crumbles to dust.
The scroll dissolves into smoke.
It was a scroll of fog.
The orc warrior hits you with a +0 battleaxe!
You die...

....##....##.#.#.....#
....##....##.#.#.....#
######....##.#.#.....#
#[...##.#.#.#####
#######.#...# #.##..#
#.##§§# #.##§§#
#..§o@# #######


You could see an orc warrior.

Vanquished Creatures
  An orc priest (D:1)
  A dart slug (D:1)
  An orc (D:1)
  4 bats (D:1)
  A giant cockroach (D:1)
  A goblin (D:1)
  2 hobgoblins (D:1)
  A kobold (D:1)
  A ball python (D:1)
  2 frilled lizards (D:1)
  A rat (D:1)
16 creatures vanquished.

Notes
Turn   | Place    | Note
-------+----------+-------------------------------------------
     0 | D:1      | ANON1729 the Demonspawn Wanderer began the quest for the
                  | Orb.
     0 | D:1      | ANON1729 set off with the following items: a +0 club, a
                  | potion of lignification, a +2 scale mail; and the following
                  | spell memorised: Foxfire; and the following spells
                  | available to memorise: Inner Flame
     0 | D:1      | Reached XP level 1. HP: 13/13 MP: 1/1
   463 | D:1      | Reached skill level 3 in Armour
   463 | D:1      | Gained mutation: You have large cloven feet. [demonic
                  | ancestry]
   463 | D:1      | Reached XP level 2. HP: 13/20 MP: 2/2
   465 | D:1      | Reached skill level 1 in Fighting
   884 | D:2      | Noticed an orc warrior
   916 | D:1      | Gained mutation: You are partially covered in molten
                  | scales. (AC +2) [demonic ancestry]
   916 | D:1      | Reached XP level 3. HP: 5/27 MP: 3/3
   982 | D:1      | Slain by an orc warrior

Illustrated notes

Levels and vault maps discovered:
D:1:      dpeg_arrival_round_c, layout_basic
D:2:      layout_basic, uniq_jessica, uniq_terence

Skill      XL: |  1  2 |
---------------+-------+-----
Armour         | 3 |  3.4
Fighting       | 2 |  2.0
Crossbows      | |  1.7
Throwing       | |  1.0
Fire Magic     | |  1.8
Poison Magic   | |  1.0
Evocations     | |  1.0

Action                   || total
-------------------------++-------
Melee: Club              ||    74
       Kick              ||    11
  Use: Scroll            ||     1
Armor: Scale mail        ||    66
Dodge: Dodged            ||    49

Table legend: (Time is in decaauts)
 A = Elapsed time spent in this place.
 B = Non-inter-level travel time spent in this place.
 C = Inter-level travel time spent in this place.
 D = Time resting spent in this place.
 E = Time spent auto-exploring this place.
 F = Levels seen in this place.
 G = Mean time per level.
                   A        B        C        D        E       F      G
               +--------+--------+--------+--------+--------+-----+--------+
         Total |   1006 |   1001 |      5 |    390 |    409 |   2 |  503.0 |
       Dungeon |   1006 |   1001 |      5 |    390 |    409 |   2 |  503.0 |
               +--------+--------+--------+--------+--------+-----+--------+

Top non-repeatable levels by time:
     D:1: 958 daAuts
     D:2: 47 daAuts
